 Dungeon Crawl Stone Soup version 0.26-a0-962-g9b92081034 (webtiles) character file.

Game seed: 9216853511309597807

42 Dracia the Grasshopper (level 3, 0/27 HPs)
             Began as a Demonspawn Warper on Dec 2, 2020.
             Succumbed to an adder's poison
             ... on level 2 of the Dungeon.
             The game lasted 00:02:54 (1404 turns).

Dracia the Grasshopper (Demonspawn Warper)          Turns: 1404, Time: 00:02:54

Health: 0/27       AC:  5    Str: 12    XL:     3   Next: 33%
Magic:  6/6        EV: 11    Int: 14    God:
Gold:   31         SH:  0    Dex: 12    Spells: 6/6 levels left

rFire    . . .     SeeInvis .   a - +0 spear
rCold    + . .     Faith    .   (no shield)
rNeg     . . .     Spirit   .   b - +0 leather armour
rPois    .         Reflect  .   (helmet restricted)
rElec    .         Harm     .   (no cloak)
rCorr    .         Rampage  .   j - +1 pair of gloves
MR       .....                  (no boots)
Stlth    +.........             (no amulet)
HPRegen  0.09/turn              n - ring of protection from cold
MPRegen  0.10/turn              (no ring)

@: lethally poisoned (0 -> -4), attractive
A: antennae 1, demonic guardian 1
a: no special abilities


You were on level 2 of the Dungeon.
You visited 1 branch of the dungeon, and saw 2 of its levels.

You collected 31 gold pieces.


Innate Abilities, Weirdness & Mutations

You have a pair of small antennae on your head.
A weak demonic guardian rushes to your aid.


   Skills:
 - Level 2.0 Fighting
 * Level 3.0 Polearms
 - Level 0.8 Throwing
 - Level 0.8 Armour
 - Level 1.7 Dodging
 - Level 2.0 Spellcasting
 + Level 3.1 Translocations


You had 6 spell levels left.
You didn't know any spells.
Your spell library contained the following spells:

 Spells                   Type           Power        Failure   Level
 Blink                    Tloc           N/A          12%         2
 Gell's Gravitas          Tloc           ##........   24%         3
 Lesser Beckoning         Tloc           ##........   24%         3
 Teleport Other           Tloc           ##......     24%         3
 Beastly Appendage        Tmut           #.....       30%         1
 Wereblood                Tmut           #.......     41%         2
 Passage of Golubria      Tloc           N/A          63%         4
 Spider Form              Tmut/Pois      #.........   65%         3
 Ice Form                 Ice/Tmut       #.......     96%         4
 Blade Hands              Tmut           #.........   100%        5

Inventory:

Hand Weapons
 a - a +0 spear (weapon)
Missiles
 e - 5 boomerangs of dispersal (quivered) {=f}
Armour
 b - a +0 leather armour (worn)
 j - a +1 pair of gloves (worn)
Jewellery
 f - an uncursed ring of positive energy
 n - a ring of protection from cold (left hand)
Scrolls
 h - a scroll of identify {@r1}
Potions
 c - a potion of magic

Dungeon Overview and Level Annotations

Branches:
Dungeon (2/15)

Altars:
The Shining One

#. #.. ### #.# #.#####
... #.# #.##... #.#
#.###.##.## #.#
#.##...#.# #.#
#.##.#.#.# ##.##
#.#..#...# ####.g.#
#...###..## #....@.#
##.†##.##..# #.##...#
##..##...##..
#.########..#+..#..##.
#.# ###...##..#.#..##
#.# #...### .#._.#. #
#.####.#...##..#.#.. #
#....<......##..#..##.
###########..##...##..
##..##.##...


You could see a hobgoblin.


Message History

There is a lethal amount of poison in your body!
Unknown command.
There is a lethal amount of poison in your body!
There is a lethal amount of poison in your body!
* * * LOW HITPOINT WARNING * * *
You feel sick.
There is a stone staircase leading down here.
You climb downwards.
Your summoned ally is left behind.
* * * LOW HITPOINT WARNING * * *
You feel sick.
There is a stone staircase leading up here.
* * * LOW HITPOINT WARNING * * *
You feel sick.
* * * LOW HITPOINT WARNING * * *
You feel sick.
* * * LOW HITPOINT WARNING * * *
You feel sick.
* * * LOW HITPOINT WARNING * * *
You feel sick.
* * * LOW HITPOINT WARNING * * *
You feel sick.
* * * LOW HITPOINT WARNING * * *
You feel sick.
A hobgoblin comes into view.
The hobgoblin is pulled toward you! The hobgoblin is pulled toward you!
The hobgoblin shouts!
The hobgoblin barely misses you.
You completely miss the hobgoblin.
You die...

Skill      XL: |  1  2  3 |
---------------+----------+-----
Polearms       | 2 3 |  3.0
Translocations | 3 |  3.1
Fighting       | |  2.0
Throwing       | |  0.8
Armour         | |  0.8
Dodging        | |  1.7
Spellcasting   | |  2.0

Action                   || total
-------------------------++-------
Melee: Spear             ||   139
  Use: Potion            ||     6
       Scroll            ||     5
 Stab: Sleeping          ||     1
Armor: Leather armour    ||    33
Dodge: Dodged            ||    73

Levels and vault maps discovered:
D:1:      roderic_chinese_lattice_arrival, layout_basic, minmay_octomino_e4
D:2:      layout_loops_ring, okawaru_metal_pillars_1_2, tso_metal_star

Notes
Turn   | Place    | Note
-------+----------+-------------------------------------------
     0 | D:1      | Dracia the Demonspawn Warper began the quest for the Orb.
     0 | D:1      | Reached XP level 1. HP: 16/16 MP: 3/3
    40 | D:1      | Reached skill level 2 in Polearms
   150 | D:1      | Gained mutation: You have a pair of small antennae on your
                  | head. [demonic ancestry]
   150 | D:1      | Reached XP level 2. HP: 21/22 MP: 5/5
   500 | D:1      | Reached skill level 3 in Translocations
   898 | D:1      | Identified a potion of resistance
   959 | D:2      | Found a glowing golden altar of the Shining One.
   972 | D:2      | Gained mutation: A weak demonic guardian rushes to your
                  | aid. [demonic ancestry]
   972 | D:2      | Reached XP level 3. HP: 21/27 MP: 6/6
  1252 | D:2      | Reached skill level 3 in Polearms
  1379 | D:1      | HP: 1/27 [poisoned by an adder]
  1396 | D:2      | HP: 2/27 [poisoned by an adder]
  1401 | D:2      | HP: 1/27 [poisoned by an adder]
  1404 | D:2      | Succumbed to an adder's poison

Vanquished Creatures
  2 dart slugs
  A leopard gecko (D:2)
  An orc (D:2)
  A ball python (D:1)
  3 giant cockroaches (D:1)
  6 hobgoblins
  5 bats
  2 frilled lizards
  2 goblins (D:1)
  2 kobolds (D:1)
  6 rats
31 creatures vanquished.

Vanquished Creatures (collateral kills)
  An adder (D:1)
1 creature vanquished.

Grand Total: 32 creatures vanquished

Table legend: (Time is in decaauts)
 A = Elapsed time spent in this place.
 B = Non-inter-level travel time spent in this place.
 C = Inter-level travel time spent in this place.
 D = Time resting spent in this place.
 E = Time spent auto-exploring this place.
 F = Levels seen in this place.
 G = Mean time per level.
                   A        B        C        D        E       F      G
               +--------+--------+--------+--------+--------+-----+--------+
         Total |   1400 |   1360 |     40 |      0 |   1081 |   2 |  700.0 |
       Dungeon |   1400 |   1360 |     40 |      0 |   1081 |   2 |  700.0 |
               +--------+--------+--------+--------+--------+-----+--------+

Top non-repeatable levels by time:
     D:1: 948 daAuts
     D:2: 452 daAuts

Table legend:
 A = Non-vault XP
 B = Vault XP
 C = Vault XP percentage of total XP
 D = Non-vault monster count
 E = Vault monster count
 F = Vault count percentage of total count
                 A         B        C        D         E       F
            +---------+---------+-------+---------+---------+-------
      Total |      56 |       4 |   6.7 |      29 |       3 |   9.4
            +---------+---------+-------+---------+---------+-------
        D:1 |      39 |       4 |   9.3 |      20 |       3 |  13.0
        D:2 |      17 |       0 |   0.0 |       9 |       0 |   0.0
            +---------+---------+-------+---------+---------+-------
